 Dungeon Crawl Stone Soup version 0.28.0-53-g5a82cb258f (webtiles) character file.

Game seed: 6848539356453321062

926 ILmort the Basher (level 7, -14/58 HPs)
             Began as a Minotaur Berserker on Aug 11, 2022.
             Was an Elder of Trog.
             Demolished by an ogre
             ... wielding a +0 giant club
              (17 damage)
             ... on level 5 of the Dungeon.
             The game lasted 00:10:50 (3697 turns).

ILmort the Basher (Minotaur Berserker)              Turns: 3697, Time: 00:10:50

Health: -14/58     AC: 12    Str: 23    XL:     7   Next: 85%
Magic:  6/6        EV:  7    Int: 10    God:    Trog [****..]
Gold:   136        SH:  0    Dex: 16    Spells: 6/6 levels left

rFire   . . .      SeeInvis .   m - +1 flail (drain)
rCold   . . .      Faith    .   (no shield)
rNeg    . . .      Spirit   .   k - +1 plate armour
rPois   .          Reflect  .   (helmet restricted)
rElec   .          Harm     .   (no cloak)
rCorr   .          Rampage  .   (no gloves)
Will    .....                   (no boots)
Stlth   ..........              (no amulet)
HPRegen 0.19/turn               s - +6 ring of dexterity
MPRegen 0.10/turn               f - +6 ring of intelligence

@: no status effects
A: horns 2, retaliatory headbutt
a: Renounce Religion, Berserk, Trog's Hand, Brothers in Arms


You were on level 5 of the Dungeon.
You worshipped Trog.
Trog was greatly pleased with you.
You visited 1 branch of the dungeon, and saw 5 of its levels.
You also visited: Ossuary.

You collected 157 gold pieces.
You spent 21 gold pieces at shops.

Inventory:

Hand Weapons
 a - a +0 mace
 m - a +1 flail of draining (weapon)
Missiles
 o - 2 throwing nets (quivered)
Armour
 b - a +0 animal skin
 k - a +1 plate armour (worn)
Jewellery
 f - a +6 ring of intelligence (right hand)
 s - a +6 ring of dexterity (left hand)
Scrolls
 c - a scroll of noise
 d - a scroll of fog
 h - a scroll of blinking
 l - a scroll of teleportation
 n - 2 scrolls of immolation
Potions
 g - 5 potions of curing
 i - a potion of resistance
 q - 2 potions of flight
 r - 3 potions of magic
 u - 2 potions of attraction
 v - a potion of mutation {unknown}
 w - a potion of degeneration {unknown}
 x - 2 potions of might
 z - a potion of haste {unknown}
 A - a potion of lignification


   Skills:
 - Level 3.8 Fighting
 + Level 11.1 Maces & Flails
 - Level 2.7 Armour
 - Level 2.4 Dodging


You had 6 spell levels left.
You didn't know any spells.
Your spell library was empty.

Dungeon Overview and Level Annotations

Branches:
Dungeon (5/15)            Ossuary (visited)
 Temple: D:4-7

Altars:

Shops:
D:1 *


Innate Abilities, Weirdness & Mutations

You have a pair of horns on your head.
You reflexively headbutt those who attack you in melee.


Message History

An ogre comes into view. It is wielding a +0 giant club.
You feel your willpower return.
The ogre shouts!
The orc hits you with a +0 short sword.
A gnoll comes into view. It is wielding a +0 club.
You closely miss the orc.
The gnoll shouts!
You headbutt the orc, but do no damage.
The centaur shoots an arrow.
The arrow hits you. The orc hits you with a +0 short sword.
You thump the orc!
You kill the orc!
Trog accepts your kill.
The centaur shoots an arrow.
The arrow closely misses you.
The centaur shoots an arrow.
The arrow hits you.
Things that are here:
a +0 short sword; an orc corpse The centaur shoots an arrow.
The arrow barely misses you. The ogre hits you with a +0 giant club.
The centaur shoots an arrow.
The arrow hits you but does no damage.
The centaur shoots an arrow.
The arrow barely misses you.
A gnoll comes into view. It is wielding a +0 flail.
The centaur shoots an arrow.
The arrow hits you! The ogre barely misses you.
The gnoll shouts!
A gnoll comes into view. It is wielding a +0 whip.
The centaur shoots an arrow.
The arrow hits you. The gnoll hits you but does no damage.
The centaur shoots an arrow.
The arrow hits you. The gnoll hits you but does no damage.
The centaur shoots an arrow.
The arrow hits you but does no damage. The gnoll hits you but does no damage.
The gnoll hits you with a +0 flail.
* * * LOW HITPOINT WARNING * * *
The gnoll hits you with a +0 club.
* * * LOW HITPOINT WARNING * * *
The centaur shoots an arrow.
The arrow hits you.
* * * LOW HITPOINT WARNING * * *
You barely miss the gnoll. You headbutt the gnoll!
The gnoll is severely wounded.
The ogre hits you with a +0 giant club!
You die...

#.......+
#.......#
#.......# .
#.......# .
######.......# .#
#.........)#####.#
#..........# ....#
#.......gg)# ....#
#........@.##'..#
....####..Og..c..#
#.... #.........#
#... #.........#
#... #..<..)...#
#..........#
#........$.#
#..........#
#....####..#


You could see an ogre, a centaur and 3 gnolls.

Vanquished Creatures
  3 scorpions
  5 water moccasin zombies (Ossuary)
  A jelly (D:5)
  A hound (D:4)
  2 orc priests
  2 iguanas
  Terence (D:3)
  An orc wizard (D:5)
  A hound skeleton (D:4)
  2 mummies (Ossuary)
  4 gnolls (D:2)
  3 adders
  A shadow imp (D:5)
  5 adder zombies (Ossuary)
  11 orcs
  8 ball pythons
  5 endoplasms
  5 giant cockroaches
  3 gnoll zombies (Ossuary)
  11 hobgoblins
  4 jackals (D:4)
  7 kobolds
  4 quokkas
  5 bats
  5 frilled lizards
  5 goblins
  3 hobgoblin zombies (Ossuary)
  4 kobold zombies (Ossuary)
  8 orc zombies (Ossuary)
  4 rats
124 creatures vanquished.

Notes
Turn   | Place    | Note
-------+----------+-------------------------------------------
     0 | D:1      | ILmort the Minotaur Berserker began the quest for the Orb.
     0 | D:1      | Reached XP level 1. HP: 19/19 MP: 0/0
   294 | D:1      | Reached XP level 2. HP: 27/27 MP: 1/1
   294 | D:1      | Found Necw's Assorted Antiques.
   300 | D:1      | Bought a murky pink potion for 21 gold pieces
   314 | D:1      | Reached skill level 4 in Maces & Flails
   564 | D:1      | Reached ** piety under Trog
   804 | D:2      | Reached XP level 3. HP: 32/33 MP: 2/2
   873 | D:2      | Found a faded altar of an unknown god.
  1063 | D:2      | Reached skill level 5 in Maces & Flails
  1184 | D:2      | Reached XP level 4. HP: 22/40 MP: 3/3
  1188 | D:2      | Reached skill level 6 in Maces & Flails
  1804 | D:3      | Reached XP level 5. HP: 22/46 MP: 4/4
  2132 | D:3      | Reached skill level 7 in Maces & Flails
  2192 | D:3      | Noticed Terence
  2200 | D:3      | Killed Terence
  2374 | D:4      | Reached XP level 6. HP: 50/52 MP: 5/5
  2447 | D:4      | Reached skill level 8 in Maces & Flails
  2571 | D:4      | Reached *** piety under Trog
  2916 | D:4      | Reached skill level 9 in Maces & Flails
  3053 | D:5      | Entered Level 5 of the Dungeon
  3164 | D:5      | Found a sand-covered staircase.
  3169 | D:5      | Reached XP level 7. HP: 46/58 MP: 6/6
  3234 | Ossuary  | Entered an ossuary
  3347 | Ossuary  | Reached skill level 10 in Maces & Flails
  3384 | Ossuary  | Reached **** piety under Trog
  3536 | Ossuary  | Reached skill level 11 in Maces & Flails
  3697 | D:5      | Demolished by an ogre

Illustrated notes

Levels and vault maps discovered:
D:1:      saegor_arrival_simple_e, layout_loops_ring, serial_shops, shop
D:2:      minmay_angry_zag, layout_loops_ring,
          hellmonk_ecumenical_altar_heavens_door, minmay_pentomino_x2
D:3:      layout_basic, uniq_terence
D:4:      layout_cave_pools, serial_glass, glass_columns_a, glass_columns_b
D:5:      layout_gridville, mainiacjoe_overflow_surrounded_room,
          mainiacjoe_overflow_brackets, lightli_sewer_entry_pipes,
          enter_ossuary_1

Skill      XL: |  1  2  3  4  5  6  7 |
---------------+----------------------+-----
Maces & Flails | 4 5 6 7 9 11 | 11.1
Fighting       | |  3.8
Armour         | |  2.7
Dodging        | |  2.4

Action                   |  1- 3 |  4- 6 |  7- 9 || total
-------------------------+-------+-------+-------++-------
Melee: Mace              |    42 |       |       ||    42
       Headbutt          |     6 |    18 |    25 ||    49
       Flail             |    38 |   116 |    99 ||   253
       Punch             |       |     1 |     2 ||     3
  Use: Scroll            |       |       |    16 ||    16
Armor: Animal skin       |     4 |       |       ||     4
       Plate armour      |    51 |    68 |    47 ||   166
Dodge: Dodged            |    39 |    51 |    30 ||   120
